 Dungeon Crawl Stone Soup version 0.31-a0-765-g67fe2935dc (console) character file.

Game seed: 15623260052168290489

120 jejorda2 the Chopper (level 5, -9/47 HPs)
             Began as a Gnoll Berserker on Sept 15, 2023.
             Was a Believer of Trog.
             Mangled by Pikel
             ... wielding a +0 whip of electrocution
              (17 damage)
             ... on level 4 of the Dungeon.
             The game lasted 00:04:10 (2288 turns).

jejorda2 the Chopper (Gnoll Berserker)              Turns: 2288, Time: 00:04:11

Health: -9/47      AC: 13    Str: 17 (19) XL:     5   Next: 4%
Magic:  7/7        EV:  8    Int:  5 (6)  God:    Trog [**....]
Gold:   31         SH:  0    Dex:  9 (11) Spells: 6/6 levels left

rFire   . . .        a - +0 hand axe
rCold   . . .        (no shield)
rNeg    + . .        f - +0 chain mail
rPois   .            l - +0 helmet
rElec   .            (no cloak)
rCorr   .            (no gloves)
SInv    .            m - +1 pair of boots {rampage}
Will    .....        (no amulet) Stlth
                     d - ring of positive energy
HPRegen 0.27/turn    (no ring)
MPRegen 0.10/turn

%: rampage
@: on berserk cooldown, slowed, very slow
A: fangs 1, strong nose, distributed training
a: Renounce Religion, Berserk, Trog's Hand


You were on level 4 of the Dungeon.
You worshipped Trog.
Trog was pleased with you.
You visited 1 branch of the dungeon, and saw 4 of its levels.

You collected 188 gold pieces.
You spent 157 gold pieces at shops.

Inventory:

Hand Weapons
 a - a +0 hand axe (weapon)
Missiles
 b - 5 poisoned darts
 i - 3 boomerangs
Armour
 f - a +0 chain mail (worn)
 l - a +0 helmet (worn)
 m - a +1 pair of boots of rampaging (worn)
Jewellery
 d - a ring of positive energy (left hand)
Scrolls
 k - a scroll of identify
Potions
 e - a potion of degeneration
 g - 3 potions of enlightenment
 n - a potion of curing


   Skills:
 + Level 6.6 Fighting
 + Level 1.3 Short Blades
 + Level 1.3 Long Blades
 + Level 6.6 Axes
 + Level 1.3 Maces & Flails
 + Level 1.3 Polearms
 + Level 1.3 Staves
 + Level 1.3 Ranged Weapons
 + Level 1.3 Throwing
 + Level 4.7 Armour
 + Level 4.7 Dodging
 + Level 1.3 Stealth
 + Level 1.3 Shields
 + Level 1.3 Unarmed Combat
 + Level 1.3 Spellcasting
 + Level 1.1 Conjurations
 + Level 1.1 Hexes
 + Level 1.1 Summonings
 + Level 1.1 Necromancy
 + Level 1.1 Translocations
 + Level 1.1 Transmutations
 + Level 1.1 Fire Magic
 + Level 1.1 Ice Magic
 + Level 1.1 Air Magic
 + Level 1.1 Earth Magic
 + Level 1.1 Poison Magic
 + Level 1.5 Invocations
 + Level 1.3 Evocations
 + Level 1.2 Shapeshifting


You had 6 spell levels left.
You didn't know any spells.
Your spell library was empty.

Dungeon Overview and Level Annotations

Branches:
Dungeon (4/15)
 Temple: D:4-7

Altars:
Hepliaklqana

Shops:
D:3 [

Annotations:
D:4 Pikel


Innate Abilities, Weirdness & Mutations

You have very sharp teeth.
Your uncanny sense of smell can sniff out nearby items.
Your experience applies equally to all skills.


Message History

You closely miss Pikel.
Pikel is lightly wounded.
Pikel hits you with a +0 whip of electrocution!
Pikel hits you but does no damage.
You hit Pikel but do no damage.
Pikel is lightly wounded.
Pikel barely misses you.
You barely miss Pikel.
Pikel is lightly wounded.
Pikel misses you. Pikel hits you but does no damage.
You hit Pikel but do no damage.
Pikel is lightly wounded.
Pikel hits you but does no damage.
You completely miss Pikel. You bite Pikel, but do no damage.
Pikel is lightly wounded.
Pikel hits you with a +0 whip of electrocution. x2
You are electrocuted!
* * * LOW HITPOINT WARNING * * *
Press: ? - help, v - describe, . - travel
Here: Pikel, wielding a +0 whip of electrocution and wearing a +0 robe (lightly wounded)
The floor.
Unknown command.
Unknown command.
It was a potion of degeneration.
There was something very wrong with that liquid.
You feel weakened.
You feel dopey.
You feel clumsy. Pikel closely misses you.
It was a potion of heal wounds.
You feel much better. Pikel completely misses you.
Pikel hits you with a +0 whip of electrocution!
* * * LOW HITPOINT WARNING * * *
It was a potion of curing.
You feel better.
Pikel hits you with a +0 whip of electrocution.
You are electrocuted!
* * * LOW HITPOINT WARNING * * *
You hit Pikel.
Pikel is moderately wounded.
Pikel hits you but does no damage.
You are electrocuted!
You die...
Pikel says, "Another soul for the market."

### #.. #.# #.#
#.# ∆ #@# ∆ #K# ∆
#5# .#######5####
.
............#...
..............#
....(K......#.###
.........#.##.#..
.#
.....?...#.##...#
.


You could see Pikel and 2 lemures.

Vanquished Creatures
  2 lemures (D:4)
  An iguana (D:3)
  3 adders
  An ufetubus (D:4)
  A worm (D:2)
  2 dart slugs
  An orc (D:3)
  3 ball pythons
  5 endoplasms
  3 giant cockroaches (D:1)
  A hobgoblin (D:1)
  5 jackals
  3 quokkas
  10 bats
  3 frilled lizards
  3 goblins
  6 kobolds
  3 rats (D:2)
56 creatures vanquished.

Notes
Turn   | Place    | Note
-------+----------+-------------------------------------------
     0 | D:1      | jejorda2 the Gnoll Berserker began the quest for the Orb.
     0 | D:1      | Reached XP level 1. HP: 23/23 MP: 1/1
    94 | D:1      | Reached XP level 2. HP: 19/29 MP: 2/2
   443 | D:1      | Reached XP level 3. HP: 35/35 MP: 3/3
   458 | D:1      | You fall into a shaft and drop 1 floor!
   523 | D:2      | Reached ** piety under Trog
   716 | D:1      | Reached skill level 1 in Invocations
  1235 | D:2      | Reached skill level 1 in Short Blades
  1235 | D:2      | Reached skill level 1 in Long Blades
  1235 | D:2      | Reached skill level 1 in Maces & Flails
  1235 | D:2      | Reached skill level 1 in Polearms
  1235 | D:2      | Reached skill level 1 in Staves
  1235 | D:2      | Reached skill level 1 in Ranged Weapons
  1235 | D:2      | Reached skill level 1 in Throwing
  1235 | D:2      | Reached skill level 1 in Stealth
  1235 | D:2      | Reached skill level 1 in Shields
  1235 | D:2      | Reached skill level 1 in Unarmed Combat
  1235 | D:2      | Reached skill level 1 in Spellcasting
  1235 | D:2      | Reached skill level 1 in Evocations
  1264 | D:2      | Found a hazy altar of Hepliaklqana.
  1343 | D:2      | Reached XP level 4. HP: 41/41 MP: 5/5
  1381 | D:2      | Reached skill level 1 in Shapeshifting
  1467 | D:3      | Found a faded altar of an unknown god.
  1860 | D:3      | Reached skill level 1 in Conjurations
  1860 | D:3      | Reached skill level 1 in Hexes
  1860 | D:3      | Reached skill level 1 in Summonings
  1860 | D:3      | Reached skill level 1 in Necromancy
  1860 | D:3      | Reached skill level 1 in Translocations
  1860 | D:3      | Reached skill level 1 in Transmutations
  1860 | D:3      | Reached skill level 1 in Fire Magic
  1860 | D:3      | Reached skill level 1 in Ice Magic
  1860 | D:3      | Reached skill level 1 in Air Magic
  1860 | D:3      | Reached skill level 1 in Earth Magic
  1860 | D:3      | Reached skill level 1 in Poison Magic
  1995 | D:3      | Found Xempe's Antique Armour Shoppe.
  2014 | D:3      | Bought a pair of runed boots for 157 gold pieces
  2236 | D:4      | Noticed a lemure
  2236 | D:4      | Noticed a lemure
  2238 | D:4      | Noticed a lemure
  2238 | D:4      | Noticed a lemure
  2240 | D:4      | Reached XP level 5. HP: 47/47 MP: 5/7
  2241 | D:4      | Noticed Pikel
  2261 | D:4      | Killed a lemure
  2266 | D:4      | Killed a lemure
  2284 | D:4      | HP: 1/47 [Pikel/+0 whip of electrocution (16)]
  2288 | D:4      | Mangled by Pikel

Illustrated notes

Levels and vault maps discovered:
D:1:      minmay_arrival_hallway, layout_loops_ring, hex_medium
D:2:      layout_basic, basic_altar
D:3:      layout_loops_ring, serial_shops, shop,
          ebering_ecumenical_altar_sacrificial
D:4:      layout_basic, serial_shops, nicolae_take_the_stairs,
          cheibrodos_sewer_entry_drain, nicolae_letterblocks
          [nicolae_letter_subblock, nicolae_letter_subblock,
          nicolae_letter_subblock, nicolae_letter_subblock,
          nicolae_letter_subblock, nicolae_letter_subblock,
          nicolae_letter_subblock, nicolae_letter_subblock,
          nicolae_letter_subblock, nicolae_letter_subblock,
          nicolae_letter_subblock, nicolae_letter_subblock,
          nicolae_letter_subblock, nicolae_letter_subblock,
          nicolae_letter_subblock, nicolae_letter_subblock,
          nicolae_letter_subblock, nicolae_letter_subblock,
          nicolae_letter_subblock, nicolae_letter_subblock,
          nicolae_letter_subblock, nicolae_letter_subblock,
          nicolae_letter_subblock, nicolae_letter_subblock,
          nicolae_letter_subblock], uniq_duvessa, uniq_eustachio, uniq_pikel

Skill      XL: |  1  2  3  4 |
---------------+-------------+-----
Invocations    | 1 |  1.5
Short Blades   | 1 |  1.3
Long Blades    | 1 |  1.3
Maces & Flails | 1 |  1.3
Polearms       | 1 |  1.3
Staves         | 1 |  1.3
Ranged Weapons | 1 |  1.3
Throwing       | 1 |  1.3
Stealth        | 1 |  1.3
Shields        | 1 |  1.3
Unarmed Combat | 1 |  1.3
Spellcasting   | 1 |  1.3
Evocations     | 1 |  1.3
Shapeshifting  | 1 |  1.2
Conjurations   | 1 |  1.1
Hexes          | 1 |  1.1
Summonings     | 1 |  1.1
Necromancy     | 1 |  1.1
Translocations | 1 |  1.1
Transmutations | 1 |  1.1
Fire Magic     | 1 |  1.1
Ice Magic      | 1 |  1.1
Air Magic      | 1 |  1.1
Earth Magic    | 1 |  1.1
Poison Magic   | 1 |  1.1
Fighting       | |  6.6
Axes           | |  6.6
Armour         | |  4.7
Dodging        | |  4.7

Action                     |  1- 3 |  4- 6 || total
---------------------------+-------+-------++-------
  Melee: Hand axe          |    99 |   104 ||   203
         Bite              |     5 |    10 ||    15
         Punch             |     1 |       ||     1
 Invoke: Berserk           |       |     1 ||     1
         Trog's Hand       |       |     1 ||     1
    Use: Scroll            |       |     4 ||     4
         Potion            |       |     3 ||     3
   Stab: Sleeping          |     2 |       ||     2
         Distracted        |     1 |       ||     1
 Armour: Animal skin       |    26 |       ||    26
         Leather armour    |     5 |       ||     5
         Chain mail        |    26 |    66 ||    92
  Dodge: Dodged            |    53 |    46 ||    99

Table legend: (Time is in decaauts)
 A = Elapsed time spent in this place.
 B = Non-inter-level travel time spent in this place.
 C = Inter-level travel time spent in this place.
 D = Time resting spent in this place.
 E = Time spent auto-exploring this place.
 F = Levels seen in this place.
 G = Mean time per level.
                   A        B        C        D        E       F      G
               +--------+--------+--------+--------+--------+-----+--------+
         Total |   2282 |   2227 |     55 |      0 |   1739 |   4 |  570.5 |
       Dungeon |   2282 |   2227 |     55 |      0 |   1739 |   4 |  570.5 |
               +--------+--------+--------+--------+--------+-----+--------+

Top non-repeatable levels by time:
     D:1: 764 daAuts
     D:3: 739 daAuts
     D:2: 693 daAuts
     D:4: 85 daAuts
